 Dungeon Sprint DCSS version 0.17-a0-1674-g2b13139 (webtiles) character file.

78015 Kidiri the Imperceptible (level 14, -7/59 HPs)
             Began as a Spriggan Enchanter on Aug 18, 2015.
             Was the Champion of Dithmenos.
             Mangled by a deep elf blademaster (23 damage)
             ... in the Dungeon (Sprint III: "The Ten Rune Challenge").
             The game lasted 00:37:55 (8087 turns).

Kidiri the Imperceptible (Spriggan Enchanter)       Turns: 8087, Time: 00:37:55

Health: -7/59      AC:  6    Str:  4    XL:     14   Next: 18%
Magic:  21/36      EV: 36    Int: 19    God:    Dithmenos [******]
Gold:   5063       SH:  0    Dex: 19    Spells: 14 memorised, 0 levels left

rFire  + . .     SeeInvis +     u - +6 quick blade
rCold  + . .     Clarity  .     x - +1 robe {rC+ rF+}
rNeg   . . .     SustAt   .     (shield restricted)
rPois  .         Gourm    .     n - +2 hat {MR+}
rElec  .         Spirit   .     s - +0 cloak (curse)
rCorr  .         Warding  .     (gloves unavailable)
rMut   .         NoTele   +     (boots unavailable)
MR     +++..                    (no amulet)
Stlth  ++++++++++               (no ring)
                                (no ring)

@: wreathed by umbra, very quick, extremely resistant to hostile enchantments,
uncannily stealthy
A: unfitting armour, see invisible, herbivore 3, speed 3, slow metabolism 2
a: Shadow Step, Shadow Form, Renounce Religion
}: 2/10 runes: serpentine, barnacled


You were in the Dungeon.
You worshipped Dithmenos.
Dithmenos was exalted by your worship.
You were not hungry.

You visited 1 branch You collected 5336 gold pieces.
You spent 273 gold pieces at shops.

Inventory:

Hand weapons
 u - a +6 quick blade (weapon)
Armour
 b - a +1 robe
 n - a +2 hat of magic resistance (worn)
 s - a cursed +0 cloak (worn)
 x - a +1 robe of resistance (worn)
Jewellery
 w - an uncursed amulet of warding {unknown}
 y - an uncursed ring of fire {unknown}
Magical devices
 p - a wand of frost (37)
 v - a wand of disintegration (18)
Scrolls
 j - a scroll of blinking
 o - a scroll of remove curse
 r - a scroll of holy word
 z - 3 scrolls of amnesia {unknown}
Potions
 a - 3 potions of curing
 e - a potion of might
 g - 2 potions of haste
 h - 2 potions of magic
 k - 2 potions of brilliance {unknown}
 m - a potion of cure mutation
 q - 6 potions of flight
 t - 2 potions of resistance {unknown}
Books
 c - a book of Alchemy

   Spells                             Type                      Level
   a - Sublimation of Blood           Necromancy                   2
   b - Ignite Poison                  Fire/Transmutation/Poison    3
   c - Alistair's Intoxication        Transmutation/Poison         4
   d - Condensation Shield            Ice                          4
   e - Petrify                        Transmutation/Earth          4
   f - Irradiate                      Conjuration/Transmutation    5
Comestibles
 d - 2 bread rations
 i - 26 royal jellies
 l - 9 fruits


   Skills:
 + Level 11.9 Short Blades
 * Level 20.8 Dodging
 * Level 22.1 Stealth
 * Level 17.9 Spellcasting
 + Level 8.3 Conjurations
 + Level 13.5 Hexes
 + Level 13.1 Charms
 + Level 1.6 Necromancy
 + Level 13.4 Translocations
 + Level 12.5 Transmutations
 + Level 9.4 Ice Magic
 + Level 8.7 Air Magic
 + Level 8.9 Earth Magic


You couldn't memorise any spells.
You knew the following spells:

 Your Spells              Type           Power        Failure   Level  Hunger
a - Corona                Hex            ######.      0%          1    None
b - Ensorcelled Hibernat  Hex/Ice        ######       1%          2    None
c - Confuse               Hex            ######..     1%          3    None
d - Tukima's Dance        Hex            ######..     1%          3    None
e - Dazzling Spray        Conj/Hex       ######..     1%          3    None
f - Swiftness             Chrm/Air       ######..     1%          2    None
g - Passwall              Trmt/Erth      ######....   1%          3    None
h - Passage of Golubria   Tloc           N/A          1%          4    None
i - Darkness              Hex            ######....   1%          6    #####..
j - Lee's Rapid Deconstr  Erth           ######....   2%          5    ##.....
k - Invisibility          Hex            ######..     1%          6    #####..
l - Condensation Shield   Ice            ######....   1%          4    None
m - Petrify               Trmt/Erth      ######..     1%          4    None
n - Sublimation of Blood  Necr           ###.......   2%          2    None


Dungeon Overview and Level Annotations

Branches:
Dungeon (1/1)

Altars:
Cheibriados
Dithmenos
Elyvilon
Fedhas
Gozag
Kikubaaqudgha
Makhleb
Nemelex Xobeh
Okawaru
Qazlal
Ru
Sif Muna
Trog
Vehumet
Xom
Yredelemnul
Zin
The Shining One
Jiyva
Lugonu

Shops:
D :[%[?}%(%=*(!:(*}[?


Innate Abilities, Weirdness & Mutations

You are tiny and cannot use many weapons and most armour.
You have supernaturally acute eyesight.
You are a herbivore.
You cover ground extremely quickly.
You need consume almost no food.


Message History

* * * LOW HITPOINT WARNING * * *
There is an open door to the Orcish Mines, spattered with blood here.
Drink which item? (? for menu, Esc to quit)
You feel better.
Casting: Dazzling Spray
Confirm with . or Enter, or press ? or * to list all spells.
Aiming: Dazzling Spray
Press: ? - help, Shift-Dir - straight line, f/p - deep elf blademaster
Aim: a deep elf blademaster, wearing a shiny plate armour (blind, hasn't noticed you, umbra)
The spray of energy hits the deep elf blademaster.
The deep elf blademaster is lightly wounded.
Your shadow mimicks your spell!
The shadow shard hits the deep elf blademaster.
The deep elf blademaster is no longer blind.
There is an open door here.
There is an open door here.
You close the door.
A deep elf blademaster opens the door.
You close the door.
A deep elf blademaster opens the door.
The deep elf blademaster hits you!!
You die...

▓▓ ▓▓▓ ▓▓▓▓▓▓ .♣ ♣.############
#....######## .♣
♣♣.#___#__[#__#########..'.#) .♣♣
♣..#)..#..)#._#..........#§§§
≈.♣♣♣♣.###+#+###+##.[[......##.§§
≈.♣.♣..#..........#.[[.)....##.#§
≈≈.....'.⌠......@.#.∩#[##.##.#.+§
≈≈≈≈.♣.#...######e#[§....##..####
≈≈≈....#.⌠.#__#...#§###.#########
≈≈.....#...#__#...#§§§§§§.#.'(.('
.......#'###__#...#§#§§§#.#.#...#
.......#..%#__#...'§#§§§#.#.#(..#
.......#___#_.+...#.#§..#...#..(#
▓▓▓▓▓▓▓▓▓▓▓▓▓▓▓▓▓▓▓▓▓▓▓▓▓▓▓▓▓▓▓▓#
≈≈≈≈♣♣.....♣♣♣♣≈≈≈........≈≈≈...#


You could see a deep elf blademaster.

Vanquished Creatures
  Rupert (D)
  Frances (D)
  A kraken (D)
  Gastronok (D)
  A greater naga (D)
  Maud (D)
  Wiglaf (D)
  2 dire elephants (D)
  2 deep elf annihilators (D)
  A deep elf demonologist (D)
  A deep elf death mage (D)
  A fire dragon (D)
  A hydra (D)
  3 centaur warriors (D)
  Erica (D)
  2 alligator snapping turtles (D)
  A ghost crab (shapeshifter) (D)
  2 anacondas (D)
  4 dancing weapons (D)
  4 death yaks (D)
  2 unseen horrors (D)
  A spriggan druid (D)
  2 deep elf knights (D)
  A death drake (D)
  A deep elf summoner (D)
  An obsidian statue (D)
  A lindwurm (D)
  A deep elf conjurer (D)
  An orc knight (D)
  4 crystal guardians (D)
  A guardian serpent (D)
  2 ugly things (D)
  2 elephants (D)
  A moth of wrath (shapeshifter) (D)
  3 black mambas (D)
  2 spiny frogs (D)
  A komodo dragon (D)
  A fire drake (D)
  3 deep elf priests (D)
  A queen bee (D)
  4 spriggan defenders (D)
  8 blink frogs (D)
  2 orc high priests (D)
  3 wandering mushrooms (D)
  A slime creature (D)
  4 snapping turtles (D)
  2 spriggans (D)
  A shadow (D)
  3 redbacks (D)
  3 water moccasins (D)
  A spatial vortex (D)
  2 nagas (D)
  A swamp drake (D)
  A necrophage (D)
  2 centaurs (D)
  2 brain worms (D)
  An orc warrior (D)
  An earth elemental (D)
  A water elemental (D)
  32 killer bees (D)
  An electric eel (D)
  A jelly (D)
  Crazy Yiuf (D)
  4 orc priests (D)
  Jessica (D)
  2 orc wizards (D)
  A wizard (D)
  A necromancer (D)
  A polar bear simulacrum (D)
  A kobold demonologist (D)
  2 wolf simulacra (D)
  3 humans (D)
  4 adders (D)
  An ooze (D)
  7 orcs (D)
  A rat (D)
  A plant (D)
172 creatures vanquished.

Vanquished Creatures (collateral kills)
  A deep elf death mage (D)
  A naga warrior (D)
  An orc knight (D)
  An orc warrior (D)
  3 orcs (D)
7 creatures vanquished.

Vanquished Creatures (others)
  2 draconian scorchers (D)
  A hydra (D)
  A dancing weapon (D)
  3 yaktaurs (D)
  16 tentacles (D)
  76 tentacle segments (D)
99 creatures vanquished.

Grand Total: 278 creatures vanquished

Notes
Turn   | Place    | Note
--------------------------------------------------------------
     0 | D        | Kidiri the Spriggan Enchanter began the quest for the Orb.
     0 | D        | Reached XP level 1. HP: 9/9 MP: 5/5
     8 | D        | Reached skill level 5 in Stealth
   155 | D        | Killed a white draconian scorcher
   168 | D        | Killed a white draconian scorcher
   180 | D        | Noticed Jessica
   188 | D        | Killed Jessica
   188 | D        | Reached skill level 5 in Dodging
   188 | D        | Reached skill level 6 in Stealth
   188 | D        | Reached XP level 2. HP: 10/13 MP: 6/8
   188 | D        | Reached XP level 3. HP: 12/16 MP: 6/9
   197 | D        | Learned a level 2 spell: Ensorcelled Hibernation
   201 | D        | Learned a level 3 spell: Confuse
   205 | D        | Learned a level 3 spell: Tukima's Dance
   352 | D        | Reached skill level 7 in Stealth
   439 | D        | Killed a yaktaur
   560 | D        | Noticed Crazy Yiuf
   575 | D        | Killed Crazy Yiuf
   575 | D        | Reached skill level 5 in Spellcasting
   575 | D        | Reached skill level 1 in Ice Magic
   575 | D        | Reached XP level 4. HP: 7/21 MP: 7/12
   780 | D        | Learned a level 3 spell: Dazzling Spray
   782 | D        | Gained mutation: Your muscles are strong. (Str +2) [potion of mutation]
   782 | D        | Gained mutation: You are partially covered in slimy green scales (AC +2). [potion of mutation]
   783 | D        | Lost mutation: Your muscles are strong. (Str +2) [potion of mutation]
   783 | D        | Gained mutation: Armour fits poorly on your strangely shaped body. [potion of mutation]
   783 | D        | Gained mutation: Your body sometimes deteriorates upon taking damage. [potion of mutation]
   784 | D        | Lost mutation: Your body sometimes deteriorates upon taking damage. [potion of cure mutation]
   784 | D        | Lost mutation: Armour fits poorly on your strangely shaped body. [potion of cure mutation]
   784 | D        | Lost mutation: You are partially covered in slimy green scales (AC +2). [potion of cure mutation]
   818 | D        | Noticed a water elemental
   820 | D        | Killed a water elemental
   820 | D        | Reached skill level 8 in Stealth
   820 | D        | Reached skill level 1 in Conjurations
   820 | D        | Reached skill level 5 in Hexes
   820 | D        | Reached XP level 5. HP: 24/24 MP: 12/14
   838 | D        | Noticed a jelly
   839 | D        | Noticed a shadow
   841 | D        | Killed a shadow
   841 | D        | Reached skill level 9 in Dodging
   841 | D        | Reached skill level 10 in Stealth
   841 | D        | Reached XP level 6. HP: 28/28 MP: 14/17
   845 | D        | Killed a jelly
   850 | D        | Found a stormy altar of Qazlal.
   851 | D        | Found a sacrificial altar of Ru.
   851 | D        | Found a burning altar of Makhleb.
   851 | D        | Found a viscous altar of Jiyva.
   851 | D        | Found a shimmering altar of Xom.
   851 | D        | Found a shadowy altar of Dithmenos.
   851 | D        | Found a sparkling altar of Nemelex Xobeh.
   851 | D        | Found a corrupted altar of Lugonu.
   851 | D        | Found an opulent altar of Gozag.
   851 | D        | Noticed a spatial vortex
   855 | D        | Became a worshipper of Dithmenos the Shadowed
  1113 | D        | Killed a spatial vortex
  1113 | D        | Reached skill level 5 in Short Blades
  1113 | D        | Reached skill level 11 in Stealth
  1216 | D        | Found a radiant altar of Vehumet.
  1217 | D        | Noticed a wizard
  1220 | D        | Killed a wizard
  1220 | D        | Reached skill level 10 in Dodging
  1226 | D        | Found a deep blue altar of Sif Muna.
  1226 | D        | Found an ancient bone altar of Kikubaaqudgha.
  1245 | D        | Learned a level 2 spell: Swiftness
  1249 | D        | Learned a level 3 spell: Passwall
  1254 | D        | Learned a level 4 spell: Passage of Golubria
  1348 | D        | Found a glowing silver altar of Zin.
  1349 | D        | Found a glowing golden altar of the Shining One.
  1349 | D        | Found a white marble altar of Elyvilon.
  1349 | D        | Noticed a deep elf priest
  1351 | D        | Killed a deep elf priest
  1351 | D        | Reached skill level 12 in Stealth
  1351 | D        | Reached XP level 7. HP: 32/32 MP: 18/20
  1363 | D        | Found an iron altar of Okawaru.
  1364 | D        | Found a bloodstained altar of Trog.
  1364 | D        | Noticed a human
  1364 | D        | Noticed a human
  1374 | D        | Killed a human
  1381 | D        | Killed a human
  1549 | D        | Found a snail-covered altar of Cheibriados.
  1549 | D        | Noticed a necrophage
  1550 | D        | Found a basalt altar of Yredelemnul.
  1550 | D        | Found a blossoming altar of Fedhas.
  1550 | D        | Noticed a necromancer
  1553 | D        | Killed a necromancer
  1553 | D        | Acquired Dithmenos's first power
  1555 | D        | Killed a necrophage
  1555 | D        | Reached skill level 10 in Spellcasting
  1555 | D        | Reached XP level 8. HP: 27/34 MP: 9/23
  1566 | D        | Killed a yaktaur
  1571 | D        | Learned a level 6 spell: Darkness
  1638 | D        | Noticed Erica
  1648 | D        | Killed Erica
  1648 | D        | Reached skill level 13 in Stealth
  1648 | D        | Reached skill level 1 in Air Magic
  1648 | D        | Reached skill level 1 in Earth Magic
  1724 | D        | Noticed an earth elemental
  2044 | D        | Killed an earth elemental
  2165 | D        | Noticed a centaur
  2165 | D        | Noticed a centaur warrior
  2165 | D        | Noticed a centaur
  2169 | D        | Killed a centaur
  2174 | D        | Killed a centaur warrior
  2174 | D        | Acquired Dithmenos's second power
  2174 | D        | Reached skill level 14 in Stealth
  2174 | D        | Reached skill level 5 in Ice Magic
  2174 | D        | Reached XP level 9. HP: 23/39 MP: 9/25
  2177 | D        | Killed a centaur
  2383 | D        | Noticed an unseen horror
  2383 | D        | Noticed an unseen horror
  2384 | D        | Killed an unseen horror
  2384 | D        | Reached skill level 5 in Translocations
  2386 | D        | Killed an unseen horror
  2386 | D        | Reached skill level 5 in Charms
  2398 | D        | Noticed a killer bee
  2398 | D        | Noticed a killer bee
  2398 | D        | Noticed a killer bee
  2398 | D        | Noticed a killer bee
  2398 | D        | Noticed a killer bee
  2398 | D        | Noticed a killer bee
  2398 | D        | Noticed a killer bee
  2398 | D        | Noticed a killer bee
  2398 | D        | Noticed a killer bee
  2398 | D        | Noticed a killer bee
  2398 | D        | Noticed a killer bee
  2398 | D        | Noticed a killer bee
  2398 | D        | Noticed a killer bee
  2398 | D        | Noticed a killer bee
  2398 | D        | Noticed a killer bee
  2399 | D        | Noticed a killer bee
  2399 | D        | Noticed a killer bee
  2399 | D        | Noticed a killer bee
  2399 | D        | Noticed a killer bee
  2399 | D        | Noticed a killer bee
  2399 | D        | Noticed a killer bee
  2399 | D        | Noticed a killer bee
  2399 | D        | Noticed a queen bee
  2399 | D        | Noticed a killer bee
  2399 | D        | Noticed a killer bee
  2399 | D        | Noticed a killer bee
  2399 | D        | Noticed a killer bee
  2399 | D        | Noticed a killer bee
  2399 | D        | Noticed a killer bee
  2399 | D        | Noticed a killer bee
  2399 | D        | Noticed a killer bee
  2399 | D        | Noticed a killer bee
  2399 | D        | Noticed a killer bee
  2400 | D        | Killed a killer bee
  2403 | D        | Killed a killer bee
  2403 | D        | Acquired Dithmenos's third power
  2405 | D        | Killed a killer bee
  2405 | D        | Reached skill level 5 in Transmutations
  2407 | D        | Killed a killer bee
  2409 | D        | Killed a killer bee
  2411 | D        | Killed a killer bee
  2413 | D        | Killed a killer bee
  2413 | D        | Reached XP level 10. HP: 40/44 MP: 14/27
  2415 | D        | Killed a killer bee
  2415 | D        | Acquired Dithmenos's fourth power
  2421 | D        | Killed a killer bee
  2423 | D        | Killed a killer bee
  2425 | D        | Killed a killer bee
  2425 | D        | Reached skill level 15 in Stealth
  2427 | D        | Killed a killer bee
  2564 | D        | Learned a level 5 spell: Lee's Rapid Deconstruction
  2566 | D        | Killed a killer bee
  2568 | D        | Killed a killer bee
  2570 | D        | Killed a killer bee
  2572 | D        | Killed a killer bee
  2574 | D        | Killed a killer bee
  2576 | D        | Killed a killer bee
  2582 | D        | Killed a killer bee
  2584 | D        | Killed a killer bee
  2586 | D        | Killed a killer bee
  2588 | D        | Killed a killer bee
  2590 | D        | Killed a killer bee
  2814 | D        | Killed a killer bee
  2817 | D        | Killed a killer bee
  2825 | D        | Killed a killer bee
  2827 | D        | Killed a killer bee
  2829 | D        | Killed a killer bee
  2831 | D        | Killed a killer bee
  2833 | D        | Killed a killer bee
  2835 | D        | Killed a killer bee
  2837 | D        | Killed a killer bee
  2840 | D        | Killed a queen bee
  2840 | D        | Reached skill level 5 in Conjurations
  3016 | D        | Noticed a wandering mushroom
  3017 | D        | Noticed a wandering mushroom
  3017 | D        | Noticed a wandering mushroom
  3019 | D        | Killed a wandering mushroom
  3034 | D        | Killed a wandering mushroom
  3275 | D        | Killed a wandering mushroom
  3292 | D        | Noticed a spiny frog
  3292 | D        | Noticed a komodo dragon
  3292 | D        | Noticed a spiny frog
  3295 | D        | Killed a komodo dragon
  3297 | D        | Killed a spiny frog
  3297 | D        | Reached skill level 16 in Stealth
  3299 | D        | Killed a spiny frog
  3299 | D        | Reached skill level 15 in Dodging
  3372 | D        | Noticed a redback
  3374 | D        | Killed a redback
  3375 | D        | Noticed a brain worm
  3379 | D        | Killed a brain worm
  3384 | D        | Noticed a brain worm
  3386 | D        | Killed a brain worm
  3393 | D        | Noticed a lindwurm
  3395 | D        | Noticed a redback
  3396 | D        | Killed a lindwurm
  3398 | D        | Killed a redback
  3398 | D        | Reached skill level 10 in Hexes
  3497 | D        | Noticed a redback
  3498 | D        | Killed a redback
  3498 | D        | Reached XP level 11. HP: 47/47 MP: 29/29
  3499 | D        | Noticed Maud
  3504 | D        | Killed Maud
  3522 | D        | Noticed an electric eel
  3523 | D        | Noticed a four-headed hydra
  3523 | D        | Noticed a four-headed hydra
  3525 | D        | Killed an electric eel
  3530 | D        | Killed a four-headed hydra
  3530 | D        | Reached skill level 5 in Air Magic
  3686 | D        | Killed a four-headed hydra
  3686 | D        | Reached skill level 17 in Stealth
  3689 | D        | Noticed a death drake
  3692 | D        | Killed a death drake
  3692 | D        | Reached skill level 5 in Earth Magic
  3701 | D        | Killed a yaktaur
  3789 | D        | Found a blossoming altar of Fedhas.
  3789 | D        | Noticed a spriggan
  3789 | D        | Noticed a spriggan druid
  3789 | D        | Noticed a spriggan
  3791 | D        | Killed a spriggan druid
  3792 | D        | Killed a spriggan
  3793 | D        | Killed a spriggan
  3825 | D        | Noticed a black mamba
  3827 | D        | Killed a black mamba
  3833 | D        | Noticed a water moccasin
  3833 | D        | Noticed an anaconda
  3834 | D        | Noticed a water moccasin
  3835 | D        | Killed a water moccasin
  3847 | D        | Killed an anaconda
  3848 | D        | Killed a water moccasin
  4063 | D        | Learned a level 6 spell: Invisibility
  4067 | D        | Noticed an anaconda
  4067 | D        | Noticed a water moccasin
  4069 | D        | Killed an anaconda
  4072 | D        | Killed a water moccasin
  4092 | D        | Noticed a naga
  4092 | D        | Noticed a naga
  4093 | D        | Noticed a naga warrior
  4093 | D        | Noticed a greater naga
  4093 | D        | Found Muutwi's Antique Armour Shop.
  4093 | D        | Found Vurr's Magic Scroll Shoppe.
  4093 | D        | Found Qoakei Wann's Gadget Boutique.
  4103 | D        | Killed a naga
  4270 | D        | Killed a naga warrior
  4290 | D        | Killed a naga
  4501 | D        | Killed a greater naga
  4501 | D        | Reached skill level 18 in Stealth
  4634 | D        | Noticed a guardian serpent
  4636 | D        | Killed a guardian serpent
  4636 | D        | Reached XP level 12. HP: 51/51 MP: 26/31
  4640 | D        | Got a serpentine rune of Zot
  4762 | D        | Noticed a swamp drake
  4762 | D        | Noticed a fire drake
  4763 | D        | Killed a fire drake
  4765 | D        | Killed a swamp drake
  4774 | D        | Noticed a blink frog
  4774 | D        | Noticed a blink frog
  4775 | D        | Noticed a blink frog
  4775 | D        | Noticed a blink frog
  4775 | D        | Noticed a blink frog
  4789 | D        | Killed a blink frog
  4800 | D        | Killed a blink frog
  4801 | D        | Killed a blink frog
  4802 | D        | Killed a blink frog
  4807 | D        | Killed a blink frog
  4932 | D        | Noticed Rupert
  4934 | D        | Killed Rupert
  4934 | D        | Reached skill level 15 in Spellcasting
  4934 | D        | Reached skill level 10 in Charms
  4934 | D        | Reached skill level 10 in Translocations
  4959 | D        | Noticed a death yak
  4960 | D        | Noticed a death yak
  4960 | D        | Noticed a blink frog
  4960 | D        | Noticed an azure jelly
  4960 | D        | Noticed a death yak
  4960 | D        | Noticed an azure jelly
  4960 | D        | Noticed a blink frog
  4960 | D        | Noticed a death yak
  4961 | D        | Killed a death yak
  4962 | D        | Killed a blink frog
  4963 | D        | Killed a death yak
  4964 | D        | Noticed a blink frog
  4964 | D        | Noticed a black mamba
  4965 | D        | Killed a death yak
  4965 | D        | Reached skill level 10 in Short Blades
  4965 | D        | Reached skill level 19 in Stealth
  4965 | D        | Reached skill level 10 in Transmutations
  4967 | D        | Killed a blink frog
  4968 | D        | Noticed a black mamba
  4972 | D        | Killed a blink frog
  4978 | D        | Killed a death yak
  4979 | D        | Killed a black mamba
  4984 | D        | Killed a black mamba
  4994 | D        | Noticed an azure jelly
  4994 | D        | Noticed an azure jelly
  5072 | D        | Noticed a kraken
  5073 | D        | Noticed a snapping turtle
  5076 | D        | Killed a snapping turtle
  5081 | D        | Noticed a snapping turtle
  5081 | D        | Noticed an alligator snapping turtle
  5123 | D        | Killed a kraken
  5297 | D        | Noticed an alligator snapping turtle
  5297 | D        | Noticed a snapping turtle
  5297 | D        | Found Lodwu's Food Shop.
  5297 | D        | Found Revuuxeth's Antique Armour Boutique.
  5297 | D        | Found Fisaag's Book Shoppe.
  5298 | D        | Killed an alligator snapping turtle
  5299 | D        | Killed a snapping turtle
  5304 | D        | Noticed a snapping turtle
  5311 | D        | Killed an alligator snapping turtle
  5336 | D        | Killed a snapping turtle
  5341 | D        | Killed a snapping turtle
  5347 | D        | Got a barnacled rune of Zot
  5492 | D        | Noticed an elephant
  5492 | D        | Noticed an elephant
  5492 | D        | Noticed a dire elephant
  5492 | D        | Noticed a dire elephant
  5492 | D        | Noticed Gastronok
  5494 | D        | Killed Gastronok
  5494 | D        | Reached XP level 13. HP: 55/55 MP: 32/34
  5495 | D        | Killed a dire elephant
  5495 | D        | Reached skill level 20 in Stealth
  5497 | D        | Killed a dire elephant
  5501 | D        | Killed an elephant
  5503 | D        | Killed an elephant
  5642 | D        | Found Idwetupt's Food Boutique.
  5642 | D        | Noticed an orc knight
  5642 | D        | Noticed an orc wizard
  5643 | D        | Noticed an orc priest
  5643 | D        | Noticed an orc warrior
  5643 | D        | Noticed an orc wizard
  5643 | D        | Noticed an orc priest
  5643 | D        | Noticed an orc warrior
  5644 | D        | Noticed an orc knight
  5645 | D        | Killed an orc priest
  5655 | D        | Killed an orc wizard
  5655 | D        | Killed an orc knight
  5656 | D        | Killed an orc warrior
  5656 | D        | Killed an orc warrior
  5659 | D        | Killed an orc wizard
  5675 | D        | Killed an orc priest
  5731 | D        | Killed an orc knight
  5963 | D        | Noticed Wiglaf
  5963 | D        | Noticed Frances
  5965 | D        | Killed Wiglaf
  5966 | D        | Killed Frances
  5976 | D        | Noticed an orc priest
  5976 | D        | Noticed an orc priest
  5977 | D        | Noticed an orc high priest
  5977 | D        | Noticed an orc high priest
  5978 | D        | Killed an orc priest
  5979 | D        | Killed an orc priest
  5981 | D        | Killed an orc high priest
  5982 | D        | Killed an orc high priest
  6041 | D        | Noticed a spriggan defender
  6042 | D        | Noticed a spriggan defender
  6042 | D        | Noticed a spriggan defender
  6042 | D        | Noticed a spriggan defender
  6043 | D        | Killed a spriggan defender
  6044 | D        | Killed a spriggan defender
  6046 | D        | Killed a spriggan defender
  6047 | D        | Killed a spriggan defender
  6174 | D        | Noticed a centaur warrior
  6177 | D        | Killed a centaur warrior
  6187 | D        | Noticed a moth of wrath
  6188 | D        | Noticed a fire dragon
  6188 | D        | Noticed a ghost crab
  6190 | D        | Killed a moth of wrath
  6193 | D        | Killed a fire dragon
  6195 | D        | Killed a ghost crab
  6195 | D        | Reached skill level 21 in Stealth
  6203 | D        | Noticed a centaur warrior
  6207 | D        | Killed a centaur warrior
  6228 | D        | Noticed a red ugly thing
  6228 | D        | Noticed a white ugly thing
  6229 | D        | Noticed a slime creature
  6230 | D        | Killed a red ugly thing
  6232 | D        | Killed a white ugly thing
  6235 | D        | Killed a slime creature
  6321 | D        | Noticed a glaive of freezing
  6321 | D        | Noticed a flail of draining
  6322 | D        | Noticed a scimitar of holy wrath
  6323 | D        | Noticed a hand axe of freezing
  6324 | D        | Killed a scimitar of holy wrath
  6326 | D        | Killed a hand axe of freezing
  6329 | D        | Killed a flail of draining
  6330 | D        | Killed a glaive of freezing
  6389 | D        | Noticed an obsidian statue
  6397 | D        | Killed an obsidian statue
  6542 | D        | Found Kixteag's Distillery.
  6542 | D        | Found Erghec's Weapon Shop.
  6542 | D        | Found Tipumaewarr's Assorted Antiques.
  6542 | D        | Found Jiumuh's Magic Scroll Shoppe.
  6542 | D        | Found Efran's Antique Weapon Boutique.
  6542 | D        | Found Rausuy's Book Emporium.
  6542 | D        | Found Zerpha's Jewellery Shoppe.
  6542 | D        | Found Vockad's Antique Armour Shop.
  6542 | D        | Found Catots's Food Shop.
  6542 | D        | Found Opheycw's Gadget Emporium.
  6542 | D        | Found Zucizug's Weapon Emporium.
  6542 | D        | Found Rap Muer's General Store.
  6563 | D        | Bought a potion of curing for 42 gold pieces
  6563 | D        | Bought a potion of curing for 42 gold pieces
  6563 | D        | Bought a potion of heal wounds for 70 gold pieces
  6563 | D        | Bought a potion of curing for 42 gold pieces
  6567 | D        | Bought a scroll of identify for 28 gold pieces
  6567 | D        | Bought a scroll of magic mapping for 49 gold pieces
  6593 | D        | Noticed a crystal guardian
  6593 | D        | Noticed a crystal guardian
  6593 | D        | Noticed a crystal guardian
  6593 | D        | Noticed a crystal guardian
  6594 | D        | Killed a crystal guardian
  6596 | D        | Killed a crystal guardian
  6597 | D        | Killed a crystal guardian
  6600 | D        | Killed a crystal guardian
  6644 | D        | Noticed a polar bear simulacrum
  6644 | D        | Noticed a wolf simulacrum
  6644 | D        | Noticed a wolf simulacrum
  6644 | D        | Killed a polar bear simulacrum
  6645 | D        | Killed a wolf simulacrum
  6646 | D        | Killed a wolf simulacrum
  6669 | D        | Learned a level 4 spell: Condensation Shield
  6674 | D        | Learned a level 4 spell: Petrify
  6743 | D        | Noticed a deep elf priest
  6743 | D        | Noticed a deep elf knight
  6743 | D        | Noticed a deep elf knight
  6743 | D        | Noticed a deep elf summoner
  6743 | D        | Noticed a deep elf priest
  6749 | D        | Noticed a deep elf annihilator
  6750 | D        | Noticed a deep elf demonologist
  6751 | D        | Killed a deep elf priest
  6758 | D        | Killed a deep elf knight
  6760 | D        | Noticed a deep elf annihilator
  6764 | D        | Killed a deep elf summoner
  6767 | D        | Killed a deep elf priest
  6769 | D        | Killed a deep elf knight
  6769 | D        | Reached XP level 14. HP: 21/59 MP: 8/36
  6777 | D        | Noticed a deep elf conjurer
  6975 | D        | Learned a level 2 spell: Sublimation of Blood
  6982 | D        | Killed a deep elf conjurer
  6983 | D        | Noticed a deep elf death mage
  7139 | D        | Noticed a deep elf blademaster
  7141 | D        | Noticed a deep elf death mage
  7145 | D        | Noticed a cacodemon
  7353 | D        | Killed a deep elf annihilator
  7417 | D        | Killed a deep elf annihilator
  7417 | D        | Reached skill level 1 in Necromancy
  7622 | D        | Killed a deep elf death mage
  7622 | D        | Reached skill level 22 in Stealth
  7726 | D        | Noticed a Brimstone Fiend
  7727 | D        | Noticed a Shadow Fiend
  7727 | D        | Killed a deep elf death mage
  7954 | D        | Killed a deep elf demonologist
  8087 | D        | Mangled by a deep elf blademaster

Vault maps used:
D:        dungeon_sprint_mu

Action                   |  1- 3 |  4- 6 |  7- 9 | 10-12 | 13-15 || total
-------------------------+-------+-------+-------+-------+-------++-------
Melee: Dagger            |    17 |     7 |    56 |   139 |   121 ||   340
       Quick blade       |       |       |       |       |    24 ||    24
 Cast: Ensorcelled Hiber |     4 |     2 |     8 |    53 |     5 ||    72
       Dazzling Spray    |       |     9 |    23 |    50 |    78 ||   160
       Confuse           |       |       |     3 |     9 |     1 ||    13
       Tukima's Dance    |       |       |       |     6 |     7 ||    13
       Lee's Rapid Decon |       |       |       |     2 |       ||     2
       Passwall          |       |       |       |     2 |     4 ||     6
       Passage of Golubr |       |       |       |       |     2 ||     2
       Invisibility      |       |       |       |       |     1 ||     1
Invok: Shadow Step       |       |       |       |    14 |     7 ||    21
  Use: Potion            |       |     3 |     2 |     1 |     4 ||    10
       Scroll            |       |     2 |       |       |     3 ||     5
 Stab: Sleeping          |     4 |     4 |     9 |    67 |    37 ||   121
       Invisible         |       |     1 |     4 |    13 |     5 ||    23
       Confused          |       |       |     2 |       |       ||     2
  Eat: Royal jelly       |       |       |     1 |       |       ||     1
       Bread ration      |       |       |       |     1 |       ||     1
